 Dungeon Crawl Stone Soup version 0.32-a0-673-g3729bd5 (webtiles) character file.

Game seed: 8905875541375086783

1134 2sma the Firebug (level 8, -2/68 HPs)
             Began as a Mountain Dwarf Fire Elementalist on Mar 10, 2024.
             Was an Initiate of Ashenzari.
             Succumbed to a hornet's poison
             ... on level 5 of the Dungeon.
             The game lasted 00:16:05 (3473 turns).

2sma the Firebug (Mountain Dwarf Fire Elementalist) Turns: 3473, Time: 00:16:05

Health: -2/68      AC:  7    Str: 14    XL:     8   Next: 14%
Magic:  7/12       EV: 10    Int: 18    God:    Ashenzari [......]
Gold:   174        SH:  5    Dex: 10    Spells: 11/13 levels left

rFire   . . .        u - +4 short sword of the Delightful God {pain, rC+ Int+3 SInv Stlth+}
rCold   + . .        (no shield)
rNeg    . . .        m - +0 ring mail
rPois   .            d - +0 helmet
rElec   .            (no cloak)
rCorr   .            (no gloves)
SInv    +            (no boots)
Will    .....        w - amulet of reflection
Stlth   ++           x - ring of flight
HPRegen 0.31/turn    (no ring)
MPRegen 0.13/turn

%: reflection
@: lethally poisoned (-2 -> -21), flying, slowed, very slow
A: runic magic, artefact enchanting
a: Renounce Religion, Curse Item


You were on level 5 of the Dungeon.
You worshipped Ashenzari.
Ashenzari was noncommittal.
You visited 1 branch of the dungeon, and saw 5 of its levels.

You collected 174 gold pieces.

Inventory:

Hand Weapons
 b - a +1 vampiric short sword
 c - a +0 hand axe
 e - a +2 dagger of speed
 k - a +0 mace
 t - a +0 dagger of electrocution
 u - the +4 short sword of the Delightful God (weapon) {pain, rC+ Int+3 SInv Stlth+}
   (You found it on level 4 of the Dungeon)

   Int+3:     It affects your intelligence (+3).
   rC+:       It protects you from cold.
   SInv:      It lets you see invisible.
   Stlth+:    It makes you more stealthy.
Armour
 a - a +0 robe
 d - a +0 helmet (worn)
 m - a +0 ring mail (worn)
Jewellery
 w - an amulet of reflection (around neck)
 x - a ring of flight (left hand)
Wands
 h - a wand of roots (12)
 p - a wand of acid (13)
Scrolls
 g - a scroll of amnesia
 i - a scroll of fog {unknown}
 j - a scroll of immolation {unknown}
 n - a scroll of acquirement {unknown}
 o - a scroll of enchant armour {unknown}
 q - a scroll of poison
Potions
 f - a potion of curing
 l - a potion of attraction
 r - a potion of enlightenment
 s - a potion of lignification
 v - a potion of degeneration {unknown}


   Skills:
 + Level 5.3 Fighting
 + Level 4.8 Armour
 - Level 1.4 Dodging
 - Level 1.4 Stealth
 - Level 3.1 Spellcasting
 - Level 0.9 Conjurations
 - Level 7.7 Fire Magic
 + Level 1.3 Evocations


You had 11 spell levels left.
You knew the following spells:

 Your Spells              Type           Power      Damage    Failure   Level
X - Scorch                Fire           60%        2d7       1%          2

Your spell library contained the following spells:

 Spells                   Type           Power      Damage    Failure   Level
 Foxfire                  Conj/Fire      72%        2x1d7     3%          1
 Inner Flame              Hex/Fire       16%        N/A       11%         3
 Volatile Blastmotes      Fire/Tloc      32%        2d12      11%         3
 Shock                    Conj/Air       16%        1d4       16%         1
 Necrotise                Necr           8%         1d4       19%         1
 Call Imp                 Summ           4%         N/A       28%         2
 Sublimation of Blood     Necr           2%         N/A       28%         2
 Flame Wave               Conj/Fire      18%        2d7       30%         4
 Vampiric Draining        Necr           2%         2d6       50%         3
 Martyr's Knell           Necr/Summ      2%         N/A       88%         4
 Curse of Agony           Necr           2%         N/A       99%         5
 Summon Hydra             Summ           1%         N/A       100%        7


Dungeon Overview and Level Annotations

Branches:
Dungeon (5/15)
 Temple: D:4-7

Altars:
Ashenzari
Fedhas
Xom

Annotations:
D:2 Terence


Innate Abilities, Weirdness & Mutations

Your spellcasting is much less encumbered by armour.
You can use scrolls of enchantment on lesser artefacts.


Message History

a +0 dagger; a +0 chain mail
x - a ring of flight An ogre comes into view.
It is wielding a +0 giant spiked club.
You fly up into the air.
x - a ring of flight (left hand)
A hornet and a gnoll sergeant come into view.
The hornet buzzes angrily.
The ogre shouts!
The hornet is engulfed in noxious fumes.
The hornet appears confused.
The gnoll sergeant is engulfed in noxious fumes.
The gnoll sergeant appears confused.
The hound is engulfed in noxious fumes.
The hound appears confused.
The hornet moves out of view.
The gnoll sergeant moves out of view.
A shadow imp and 2 ice beasts come into view.
Found a shimmering altar of Xom.
The shadow imp shouts!
You hear a bark!
A hound and a bombardier beetle come into view.
The hound barks!
Casting: Scorch (safe; 1% risk of failure)
Confirm with . or Enter, or press ? or * to list all spells.
Flames lash the ice beast but do no damage.
The hornet closely misses you.
You now have 10/12 mp.
Casting: Scorch (safe; 1% risk of failure)
Confirm with . or Enter, or press ? or * to list all spells.
Flames lash the hornet.
The hornet is lightly wounded.
The hornet's fire resistance burns away.
The hornet barely misses you. The ice beast barely misses you.
The hornet stings you.
You feel yourself slow down.
You take 3 damage, and have 64/68 hp.
You now have 8/12 mp.
Casting: Scorch (safe; 1% risk of failure)
Confirm with . or Enter, or press ? or * to list all spells.
Flames lash the ice beast.
The ice beast melts!
The ice beast is moderately wounded.
The ice beast's fire resistance burns away.
The hornet completely misses you. The ice beast completely misses you.
You block the hornet's attack.
You now have 6/12 mp.
Aiming: Corrosive Bolt
Press: ? - help, Shift-Dir - straight line, f - hornet
Aim: a hornet (lightly wounded, more vulnerable to fire, 57% to hit)
The bolt of acid hits the hornet!
The acid corrodes the hornet!
The hornet is moderately wounded.
The bolt of acid hits the ice beast!
The ice beast is heavily wounded.
The hornet is no longer more vulnerable to fire.
The hornet stings you!
You feel as though you will be slow longer.
The hornet stings you!
You feel as though you will be slow longer.
You block the ice beast's attack.
You take 22 damage, and have 43/68 hp.
MASSIVE DAMAGE!!
Aiming: Corrosive Bolt
Press: ? - help, Shift-Dir - straight line, f/p - hornet
Aim: a hornet (moderately wounded, covered in acid, 57% to hit)
The bolt of acid misses the hornet.
The hornet stings you.
You are poisoned.
You feel as though you will be slow longer.
The ice beast closely misses you. The hornet barely misses you.
The ice beast hits you but does no damage.
The ice beast hits you. The ice beast freezes you. You resist.
You take 12 damage, and have 31/68 hp.
Aiming: Corrosive Bolt
Press: ? - help, Shift-Dir - straight line, f/p - hornet
Aim: a hornet (moderately wounded, covered in acid, 57% to hit)
The bolt of acid misses the hornet.
You feel very sick.
The ice beast is no longer more vulnerable to fire.
The hornet closely misses you. You block the ice beast's attack.
The hornet stings you.
You are more poisoned.
You feel as though you will be slow longer.
The ice beast closely misses you.
The ice beast hits you but does no damage.
The hornet stings you!
* * * LOW HITPOINT WARNING * * *
You are more poisoned.
You feel as though you will be slow longer.
You take 18 damage, and have 13/68 hp.
MASSIVE DAMAGE!!
Aiming: Corrosive Bolt
Press: ? - help, Shift-Dir - straight line, f/p - hornet
Aim: a hornet (moderately wounded, covered in acid, 57% to hit)
The bolt of acid hits the hornet!!
The hornet seems to be corroded for longer.
The hornet is almost dead.
* * * LOW HITPOINT WARNING * * *
You feel extremely sick. You block the hornet's attack.
The ice beast barely misses you. The ice beast closely misses you.
The hornet closely misses you. The ice beast closely misses you.
You take 8 damage, and have 5/68 hp.
Aiming: Corrosive Bolt
Press: ? - help, Shift-Dir - straight line, f/p - hornet
Aim: a hornet (almost dead, covered in acid, 57% to hit)
The bolt of acid hits the hornet!
The hornet seems to be corroded for longer.
You kill the hornet!
You die...

########### #.........#
≈.....≈ #.).......#
≈.._.g≈ #.........#
≈h5B..≈ ##........#
≈≈Oh.Y≈ #.........#
y≈≈≈≈≈#
#.....<.###########.....#
##......###.Y##...#.....#
#..........@.......#
#######.........Y.......#
#....##...............>.+
#....'..................#
#....##....####..###..###
#....##########+####..#
#.....#.....#.........#
#.....#.....#.........#
#....##.....#.).......#


You could see 2 ice beasts.

Vanquished Creatures
  Pikel (D:4)
  A hornet (D:5)
  Duvessa (D:4)
  An ice beast (D:5)
  A phantom (D:4)
  A lemure (D:4)
  A scorpion (D:4)
  Dowan (D:4)
  A bombardier beetle (D:3)
  An iguana (D:4)
  A sleepcap (D:5)
  Ijyb (D:5)
  Natasha (thrice) (D:3)
  Robin (D:3)
  3 gnolls (D:3)
  4 adders
  3 ribbon worms
  2 dart slugs
  An orc (D:4)
  4 endoplasms
  2 giant cockroaches
  11 goblins
  8 hobgoblins
  3 kobolds
  A quokka (D:2)
  10 ball pythons
  4 bats (D:1)
72 creatures vanquished.

Vanquished Creatures (others)
  An ogre (D:5)
  A hound (D:5)
  81 foxfires
83 creatures vanquished.

Grand Total: 155 creatures vanquished

Notes
Turn   | Place    | Note
-------+----------+-------------------------------------------
     0 | D:1      | 2sma the Mountain Dwarf Fire Elementalist began the quest
                  | for the Orb.
     0 | D:1      | Reached XP level 1. HP: 14/14 MP: 3/3
   224 | D:1      | Reached skill level 4 in Fire Magic
   224 | D:1      | Reached XP level 2. HP: 18/20 MP: 1/5
   783 | D:2      | Learned a level 2 spell: Scorch
   803 | D:2      | Reached XP level 3. HP: 22/26 MP: 1/6
   930 | D:2      | Found a faded altar of an unknown god.
   940 | D:2      | Got Plato's Volume of Fumes
   948 | D:2      | Noticed Terence
  1072 | D:3      | Found a broken altar of Ashenzari.
  1081 | D:3      | Noticed Natasha
  1089 | D:3      | Killed Natasha
  1090 | D:3      | Reached skill level 5 in Fire Magic
  1090 | D:3      | Reached XP level 4. HP: 20/33 MP: 0/8
  1418 | D:3      | Became a worshipper of Ashenzari the Shackled
  1426 | D:3      | Noticed Robin
  1443 | D:3      | Noticed Natasha
  1547 | D:4      | Noticed Dowan
  1587 | D:4      | Reached skill level 1 in Fighting
  1587 | D:4      | Reached XP level 5. HP: 37/40 MP: 0/9
  1775 | D:3      | Killed Robin
  1935 | D:3      | Killed Natasha
  2001 | D:3      | Found a blossoming altar of Fedhas.
  2087 | D:3      | Reached skill level 1 in Armour
  2140 | D:3      | Noticed Natasha
  2145 | D:3      | Killed Natasha
  2146 | D:3      | Reached skill level 6 in Fire Magic
  2174 | D:4      | Noticed a phantom
  2222 | D:4      | Noticed Duvessa
  2242 | D:4      | Killed Dowan
  2243 | D:4      | Reached XP level 6. HP: 43/50 MP: 0/10
  2248 | D:4      | Killed Duvessa
  2527 | D:4      | Identified the +4 short sword of the Delightful God {pain,
                  | rC+ Int+3 SInv Stlth+}
  2691 | D:4      | Reached XP level 7. HP: 51/58 MP: 11/11
  2710 | D:4      | Noticed Pikel
  2761 | D:4      | HP: 3/87 [Pikel/+0 whip of flaming (3)]
  2762 | D:4      | Killed Pikel
  2763 | D:4      | Reached skill level 5 in Fighting
  2763 | D:4      | Reached skill level 7 in Fire Magic
  3207 | D:5      | Entered Level 5 of the Dungeon
  3222 | D:5      | Noticed Ijyb
  3288 | D:5      | Identified the +7 hand axe of Wut Jek {vamp, *Rage Fly
                  | Dex+3}
  3305 | D:5      | Reached skill level 1 in Evocations
  3305 | D:5      | Reached XP level 8. HP: 55/68 MP: 3/12
  3428 | D:5      | Killed Ijyb
  3451 | D:5      | Noticed a hornet
  3452 | D:5      | Found a shimmering altar of Xom.
  3473 | D:5      | Killed a hornet
  3473 | D:5      | Succumbed to a hornet's poison

Illustrated notes

Levels and vault maps discovered:
D:1:      zelgadis_glass_arrival_small, layout_basic, minmay_misc_feat_pillars
D:2:      minmay_thinvault, layout_loops_cross,
          shapermc_ecumenical_altar_rom_forum, uniq_terence, uniq_sigmund
D:3:      layout_rooms, ashenzari_conservatory_becter,
          overflow_temple_1_default, uniq_natasha, uniq_robin
D:4:      layout_basic, minmay_unequal, uniq_pikel, uniq_duvessa
D:5:      layout_gridville, xom_confusion_cloud, uniq_ijyb

Skill      XL: |  1  2  3  4  5  6  7 |
---------------+----------------------+-----
Spellcasting   | 2 3 |  3.1
Fire Magic     | 4 5 6 7 |  7.7
Fighting       | 1 2 3 5 |  5.3
Armour         | 1 3 4 |  4.8
Evocations     | 1 |  1.3
Dodging        | |  1.4
Stealth        | |  1.4
Conjurations   | |  0.9

Action                     |  1- 3 |  4- 6 |  7- 9 || total
---------------------------+-------+-------+-------++-------
  Melee: Hand axe          |    33 |     2 |       ||    35
         Dagger            |       |    29 |       ||    29
         Short sword       |       |    24 |    19 ||    43
  Throw: Throwing net      |       |     1 |       ||     1
   Cast: Foxfire           |    37 |    12 |       ||    49
         Scorch            |     6 |    46 |    18 ||    70
  Evoke: Wand              |       |     3 |     8 ||    11
    Use: Scroll            |       |     2 |     5 ||     7
         Potion            |       |     4 |     3 ||     7
   Stab: Sleeping          |       |       |     1 ||     1
 Armour: Robe              |    43 |    16 |       ||    59
         Ring mail         |       |    44 |    38 ||    82
  Dodge: Dodged            |    55 |    56 |    26 ||   137
  Block: Other             |       |       |     5 ||     5

Table legend: (Time is in decaauts)
 A = Elapsed time spent in this place.
 B = Non-inter-level travel time spent in this place.
 C = Inter-level travel time spent in this place.
 D = Time resting spent in this place.
 E = Time spent auto-exploring this place.
 F = Levels seen in this place.
 G = Mean time per level.
                   A        B        C        D        E       F      G
               +--------+--------+--------+--------+--------+-----+--------+
         Total |   3489 |   3341 |    148 |    911 |    344 |   5 |  697.8 |
       Dungeon |   3489 |   3341 |    148 |    911 |    344 |   5 |  697.8 |
               +--------+--------+--------+--------+--------+-----+--------+

Top non-repeatable levels by time:
     D:4: 1264 daAuts
     D:3: 837 daAuts
     D:1: 603 daAuts
     D:2: 515 daAuts
     D:5: 267 daAuts

Table legend: (Time is in decaauts)
 A = Elapsed time spent in this place.
 B = Non-inter-level travel time spent in this place.
 C = Inter-level travel time spent in this place.
 D = Time resting spent in this place.
 E = Time spent auto-exploring this place.
 F = Levels seen in this place.
 G = Mean time per level.
                   A        B        C        D        E       F      G
               +--------+--------+--------+--------+--------+-----+--------+
         Total |   3489 |   3341 |    148 |    911 |    344 |   5 |  697.8 |
       Dungeon |   3489 |   3341 |    148 |    911 |    344 |   5 |  697.8 |
               +--------+--------+--------+--------+--------+-----+--------+

Top non-repeatable levels by time:
     D:4: 1264 daAuts
     D:3: 837 daAuts
     D:1: 603 daAuts
     D:2: 515 daAuts
     D:5: 267 daAuts
